 Dungeon Crawl Stone Soup version 0.24.0-37-gcf1ca852f1 (webtiles) character file.

Game seed: 14911712862341552165, levelgen mode: deterministic

177 grindst0ne the Fighter (level 5, -3/76 HPs)
             Began as a Gnoll Wanderer on Nov 30, 2019.
             Slain by a scorpion (4 damage)
             ... on level 3 of the Dungeon.
             The game lasted 00:05:07 (2698 turns).

grindst0ne the Fighter (Gnoll Wanderer)             Turns: 2698, Time: 00:05:07

Health: -3/76      AC: 22    Str: 18    XL:     5   Next: 57%
Magic:  7/7        EV:  2    Int: 18    God:
Gold:   89         SH:  4    Dex: 18    Spells: 7/7 levels left

rFire    . . .     SeeInvis .   b - +0 spear
rCold    . . .     Gourm    .   g - +0 buckler
rNeg     + + +     Faith    .   (armour currently unavailable)
rPois    +         Spirit   .   (helmet currently unavailable)
rElec    .         Reflect  .   (cloak currently unavailable)
rCorr    .         Harm     .   (gloves currently unavailable)
MR       .....     NoTele   +   (boots currently unavailable)
Stlth    ++++......             (no amulet)
HPRegen  0.22/turn              (no ring)
MPRegen  0.10/turn              (no ring)

@: brilliant, agile, lethally poisoned (-3 -> -4), tree-form, very slightly
contaminated, invisible
A: distributed training, strong nose
a: no special abilities


You were on level 3 of the Dungeon.
You were hungry.
You were a tree.
You visited 1 branch of the dungeon, and saw 4 of its levels.

You collected 89 gold pieces.

Inventory:

Hand Weapons
 a - a +2 falchion
 b - a +0 spear (weapon)
 e - a +0 dagger
Armour
 d - a +0 robe
 g - a +0 buckler (worn)
 i - a +0 leather armour
 k - a +0 pair of gloves (melded)
 q - a +0 chain mail (melded)
Jewellery
 v - an uncursed ring of ice
Scrolls
 c - 2 scrolls of teleportation
 h - a scroll of identify {unknown}
 n - a scroll of magic mapping {unknown}
 r - 2 scrolls of fear {unknown}
 s - a scroll of remove curse {unknown}
 w - 2 scrolls of amnesia {unknown}
Potions
 m - a potion of invisibility
 u - a potion of lignification
Comestibles
 f - 4 rations


   Skills:
 + Level 8.6 Fighting
 + Level 1.5 Short Blades
 + Level 4.8 Long Blades
 + Level 1.5 Axes
 + Level 1.5 Maces & Flails
 + Level 1.5 Polearms
 + Level 1.5 Staves
 + Level 1.5 Slings
 + Level 3.0 Bows
 + Level 1.5 Crossbows
 + Level 3.0 Throwing
 + Level 1.5 Armour
 + Level 1.5 Dodging
 + Level 4.4 Stealth
 + Level 1.5 Shields
 + Level 1.5 Unarmed Combat
 + Level 1.5 Spellcasting
 + Level 1.2 Conjurations
 + Level 1.2 Hexes
 + Level 1.2 Charms
 + Level 1.2 Summonings
 + Level 1.2 Necromancy
 + Level 1.2 Translocations
 + Level 1.2 Transmutations
 + Level 1.2 Fire Magic
 + Level 1.2 Ice Magic
 + Level 1.2 Air Magic
 + Level 1.2 Earth Magic
 + Level 1.2 Poison Magic
 + Level 1.7 Invocations
 + Level 1.5 Evocations


You had 7 spell levels left.
You didn't know any spells.
Your spell library was empty.

Dungeon Overview and Level Annotations

Branches:
Dungeon (4/15)
 Temple: D:4-7

Altars:
Elyvilon
Yredelemnul

Annotations:
D:3 exclusion: downstairs


Innate Abilities, Weirdness & Mutations

Your experience applies equally to all skills.
((You have very sharp teeth.))
Your uncanny sense of smell can sniff out nearby items.


Message History

You hit the scorpion but do no damage.
The scorpion is lightly wounded.
The scorpion barely misses you.
You hit the scorpion.
The scorpion is moderately wounded.
* * * LOW HITPOINT WARNING * * *
You feel sick.
The scorpion stings you but does no damage.
You strike the helpless scorpion from behind!
You hit the scorpion but do no damage.
The scorpion is moderately wounded.
You barely miss the scorpion.
The scorpion is moderately wounded.
* * * LOW HITPOINT WARNING * * *
You feel sick.
The scorpion stings you but does no damage.
You hit the scorpion.
The scorpion is severely wounded.
The scorpion stings you.
You die...

#.##...[.....###.............##.#
#..............##..........#.###.
#..............##.###.######.# ##
..................# #..# #.# #
..................# ##.# #.#
##................# #.# #.#
#.#.......#.>.##.####.#####.####
#.#.#######..h##................
#.#.## #..ls♣......##########
#....# ##.########## #.. ##....#
### #.# ......#### #.# .........#
########.# ...>.....# #.........
.........# #.######## .......###
#.# # .#.....# #.# ##


You could see a scorpion, a hound and a frilled lizard.

Vanquished Creatures
  An iguana (D:2)
  8 adders
  An ooze (D:2)
  2 worms (D:2)
  4 leopard geckos
  An orc (D:3)
  A ball python (D:2)
  7 bats
  A giant cockroach (D:2)
  9 goblins
  6 hobgoblins
  7 jackals
  6 frilled lizards
  6 kobolds
  8 rats
68 creatures vanquished.

Notes
Turn   | Place    | Note
-------+----------+-------------------------------------------
     0 | D:1      | grindst0ne the Gnoll Wanderer began the quest for the Orb.
     0 | D:1      | grindst0ne set off with the following items: a +2 falchion,
                  | a +0 spear, a scroll of teleportation, a +0 robe, a +0
                  | dagger, a ration
     0 | D:1      | Reached XP level 1. HP: 26/26 MP: 1/1
    76 | D:1      | Reached XP level 2. HP: 33/33 MP: 2/2
   702 | D:2      | Reached XP level 3. HP: 30/38 MP: 3/3
   758 | D:2      | Reached skill level 1 in Invocations
   823 | D:2      | Found a basalt altar of Yredelemnul.
  1145 | D:2      | Reached skill level 1 in Short Blades
  1145 | D:2      | Reached skill level 1 in Axes
  1145 | D:2      | Reached skill level 1 in Maces & Flails
  1145 | D:2      | Reached skill level 1 in Polearms
  1145 | D:2      | Reached skill level 1 in Staves
  1145 | D:2      | Reached skill level 1 in Slings
  1145 | D:2      | Reached skill level 1 in Crossbows
  1145 | D:2      | Reached skill level 1 in Armour
  1145 | D:2      | Reached skill level 1 in Dodging
  1145 | D:2      | Reached skill level 1 in Shields
  1145 | D:2      | Reached skill level 1 in Unarmed Combat
  1145 | D:2      | Reached skill level 1 in Spellcasting
  1145 | D:2      | Reached skill level 1 in Evocations
  1145 | D:2      | Reached XP level 4. HP: 36/45 MP: 5/5
  1342 | D:2      | Reached skill level 1 in Conjurations
  1342 | D:2      | Reached skill level 1 in Hexes
  1342 | D:2      | Reached skill level 1 in Charms
  1342 | D:2      | Reached skill level 1 in Summonings
  1342 | D:2      | Reached skill level 1 in Necromancy
  1342 | D:2      | Reached skill level 1 in Translocations
  1342 | D:2      | Reached skill level 1 in Transmutations
  1342 | D:2      | Reached skill level 1 in Fire Magic
  1342 | D:2      | Reached skill level 1 in Ice Magic
  1342 | D:2      | Reached skill level 1 in Air Magic
  1342 | D:2      | Reached skill level 1 in Earth Magic
  1342 | D:2      | Reached skill level 1 in Poison Magic
  1439 | D:2      | Found a white marble altar of Elyvilon.
  1747 | D:3      | Reached XP level 5. HP: 49/51 MP: 6/6
  2463 | D:4      | Noticed an ogre
  2690 | D:3      | HP: 2/51 [scorpion (2)]
  2695 | D:3      | HP: 1/76 [poisoned by a scorpion]
  2698 | D:3      | Slain by a scorpion

Levels and vault maps discovered:
D:1:      minmay_arrival_three_doors, layout_loops_cross
D:2:      layout_basic, elyvilon_altar_3, overflow_temple_1_default
D:3:      layout_loops_ring, kennysheep_small_spiral
D:4:      layout_rooms, tso_altar, first_ration, serial_undead, serial_undead_f,
          serial_undead_d, serial_undead_f, serial_undead_a,
          lemuel_flame_loot_1, uniq_duvessa

Skill      XL: |  1  2  3  4  5 |
---------------+----------------+-----
Invocations    | 1 |  1.7
Short Blades   | 1 |  1.5
Axes           | 1 |  1.5
Maces & Flails | 1 |  1.5
Polearms       | 1 |  1.5
Staves         | 1 |  1.5
Slings         | 1 |  1.5
Crossbows      | 1 |  1.5
Armour         | 1 |  1.5
Dodging        | 1 |  1.5
Shields        | 1 |  1.5
Unarmed Combat | 1 |  1.5
Spellcasting   | 1 |  1.5
Evocations     | 1 |  1.5
Conjurations   | 1 |  1.2
Hexes          | 1 |  1.2
Charms         | 1 |  1.2
Summonings     | 1 |  1.2
Necromancy     | 1 |  1.2
Translocations | 1 |  1.2
Transmutations | 1 |  1.2
Fire Magic     | 1 |  1.2
Ice Magic      | 1 |  1.2
Air Magic      | 1 |  1.2
Earth Magic    | 1 |  1.2
Poison Magic   | 1 |  1.2
Bows           | 3 |  3.0
Throwing       | 3 |  3.0
Fighting       | |  8.6
Long Blades    | |  4.8
Stealth        | |  4.4

Action                   |  1- 3 |  4- 6 || total
-------------------------+-------+-------++-------
Melee: Falchion          |    72 |   122 ||   194
       Bite              |     9 |    19 ||    28
       Spear             |       |    26 ||    26
  Use: Potion            |       |     8 ||     8
 Stab: Sleeping          |     9 |       ||     9
       Invisible         |       |     2 ||     2
  Eat: Chunk             |     1 |     4 ||     5
Armor: Robe              |     1 |       ||     1
       Leather armour    |    16 |       ||    16
       Chain mail        |    11 |   108 ||   119
       Skin              |       |     3 ||     3
Dodge: Dodged            |    26 |    68 ||    94
Block: Buckler           |       |    32 ||    32
       Rpst.: Falchion   |     7 |    19 ||    26
